 Dungeon Crawl Stone Soup version 0.31-a0-232-gb1c03b2570 (webtiles) character file.

Game seed: 3272927326649033229

179 qw the Shooter (level 5, 0/41 HPs)
             Began as a Minotaur Hexslinger on July 7, 2023.
             Slain by a gnoll
             ... wielding a +0 whip
              (6 damage)
             ... on level 1 of the Dungeon.
             The game lasted 00:00:20 (634 turns).

qw the Shooter (Minotaur Hexslinger)                 Turns: 634, Time: 00:00:20

Health: 0/41       AC:  5    Str: 13    XL:     5   Next: 32%
Magic:  5/5        EV: 11    Int: 10    God:
Gold:   23         SH:  0    Dex: 14    Spells: 5/6 levels left

rFire   . . .        Y - +0 hand crossbow (drain)
rCold   . . .        (no shield)
rNeg    . . .        d - +0 ring mail
rPois   .            (helmet restricted)
rElec   .            (no cloak)
rCorr   .            (no gloves)
SInv    .            (no boots)
Will    .....        (no amulet)
Stlth   +            (no ring)
HPRegen 0.26/turn    (no ring)
MPRegen 0.09/turn

%: no passive effects
@: no status effects
A: horns 2, retaliatory headbutt
a: no special abilities


You were on level 1 of the Dungeon.
You visited 1 branch of the dungeon, and saw 2 of its levels.

You collected 23 gold pieces.


Innate Abilities, Weirdness & Mutations

You have a pair of horns on your head.
You reflexively headbutt those who attack you in melee.


   Skills:
 - Level 2.0 Fighting
 - Level 6.0 Ranged Weapons
 + Level 0.0 Armour
 - Level 2.1 Dodging
 - Level 1.0 Spellcasting
 - Level 2.0 Hexes


You had 5 spell levels left.
You knew the following spells:

 Your Spells              Type           Power      Damage    Failure   Level
a - Slow                  Hex            16%        N/A       32%         1

Your spell library contained the following spells:

 Spells                   Type           Power      Damage    Failure   Level
 Inner Flame              Hex/Fire       2%         N/A       83%         3
 Portal Projectile        Hex/Tloc       4%         N/A       83%         3
 Cause Fear               Hex            2%         N/A       97%         4

Inventory:

Hand Weapons
 Y - a +0 hand crossbow of draining (weapon)
Armour
 d - a +0 ring mail (worn)
Potions
 g - a potion of heal wounds {unknown}

Dungeon Overview and Level Annotations

Branches:
Dungeon (2/15)

Altars:
Xom

Shops:
D:1 [


Message History

Waypoint 1 assigned to D:2.
You shoot a bolt. The bolt hits Sigmund!
Sigmund is severely wounded.
You shoot a bolt. The bolt hits Sigmund!
You kill Sigmund!
The dart slug launches a dart at you. The slug dart misses you.
Your Ranged Weapons skill gained 3 levels and is now at level 6!
You have reached level 4!
You feel stronger.
You have reached level 5!
You shoot a bolt. The bolt barely misses the kobold.
The bolt hits the gnoll!
The gnoll is severely wounded.
The kobold barely misses you. The dart slug launches a dart at you.
The slug dart misses you. The kobold misses you. You furiously retaliate!
You headbutt the kobold.
You kill the kobold!
The kobold hits you with a +0 short sword.
You shoot a bolt. The bolt barely misses the gnoll.
The bolt closely misses the gnoll.
The kobold barely misses you. The gnoll misses you.
The gnoll hits you with a +0 whip! x2; The kobold barely misses you.
The gnoll hits you but does no damage.
The gnoll hits you from afar with a +0 spear!
631 ||| STAIRDANCE The gnoll hits you from afar with a +0 spear.
The gnoll closely misses you. The gnoll hits you with a +0 flail!
The kobold hits you but does no damage. The gnoll misses you.
You climb upwards.
There is a stone staircase leading down here.
Enter note:
Enter note: You shoot a bolt.
The bolt closely misses the gnoll.
The kobold hits you but does no damage. The gnoll hits you but does no damage.
The gnoll closely misses you.
You shoot a bolt. The bolt hits the gnoll!
You kill the gnoll!
The kobold barely misses you. You furiously retaliate!
You headbutt the kobold. The gnoll barely misses you. You furiously retaliate!
You headbutt the gnoll. The gnoll hits you with a +0 flail.
The kobold closely misses you. The gnoll hits you with a +0 whip.
You die...

........###########...........###
..#.......######....##.....##...#
..####....\......#####.########..
..# #####.......#####)#########.
### #.#..................... #
##.####................## #
######..........###.######...# #
##.)....#######..###.######.###
###..####.####.g@K............##
.)..............g).###.####....#
######.........###..##.# #..##.##
# #...######## ##..#.###....... #
##### ##...##..####.. #
###.....###### # #.#.....###. #
#....#.....) ##......#.##.


You could see 2 gnolls and a kobold.

Vanquished Creatures
  Sigmund (D:2)
  A gnoll (D:1)
  A dart slug (D:1)
  2 bats (D:1)
  2 endoplasms (D:1)
  5 hobgoblins (D:1)
  3 kobolds
  2 quokkas (D:1)
  A ball python (D:1)
  A frilled lizard (D:1)
  6 goblins (D:1)
  4 rats (D:1)
29 creatures vanquished.

Notes
Turn   | Place    | Note
-------+----------+-------------------------------------------
     0 | D:1      | qw the Minotaur Hexslinger began the quest for the Orb.
     0 | D:1      | Reached XP level 1. HP: 16/16 MP: 1/1
     0 | D:1      | 0 ||| qw: Version: 0.3-a-46-gb1f654a
     0 | D:1      | 0 ||| qw: Game counter: 2413
     0 | D:1      | 0 ||| qw: Melee chars always use a shield: true
     0 | D:1      | 0 ||| qw: God list: Okawaru
     0 | D:1      | 0 ||| qw: Allow faded altars: false
     0 | D:1      | 0 ||| qw: Do Orc after clearing Dungeon:15 true
     0 | D:1      | 0 ||| qw: Do second Lair branch before Depths: true
     0 | D:1      | 0 ||| qw: Lair rune preference: random
     0 | D:1      | 0 ||| qw: Goals: Normal
     0 | D:1      | 0 ||| PLANNING D:1-11
    57 | D:1      | 57 ||| FLEEEEING.
    59 | D:1      | 59 ||| FLEEEEING.
    60 | D:1      | 60 ||| FLEEEEING.
    61 | D:1      | 61 ||| FLEEEEING.
    62 | D:1      | 62 ||| FLEEEEING.
    63 | D:1      | 63 ||| FLEEEEING.
    64 | D:1      | 64 ||| FLEEEEING.
    65 | D:1      | 65 ||| FLEEEEING.
   125 | D:1      | Reached skill level 3 in Ranged Weapons
   133 | D:1      | Reached XP level 2. HP: 23/23 MP: 2/2
   151 | D:1      | Found Neaqon's Antique Armour Shoppe.
   173 | D:1      | 173 ||| SHOPLISTING pair of gloves (117 gold, have 23).
   173 | D:1      | 173 ||| SHOPLISTING pair of runed gloves (195 gold, have
                  | 23).
   447 | D:1      | Reached XP level 3. HP: 21/29 MP: 3/3
   563 | D:1      | 563 ||| UPGRADING to +0 ring mail.
   573 | D:1      | 573 ||| DROPPING +0 robe.
   577 | D:1      | 577 ||| READING scroll labelled GYMITU AGHA.
   577 | D:1      | Identified a scroll of acquirement
   577 | D:1      | 577 ||| ACQUIRING +0 hand crossbow of draining
   577 | D:1      | Acquired a +0 hand crossbow of draining
   579 | D:1      | 579 ||| SWAPPING to +0 hand crossbow of draining.
   580 | D:1      | 580 ||| DROPPING +1 sling.
   582 | D:1      | Found a shimmering altar of Xom.
   583 | D:1      | 583 ||| READING scroll labelled TOEDUE HUNURU.
   594 | D:1      | 594 ||| READING scroll labelled YTARRI XINTEE.
   595 | D:1      | 595 ||| DROPPING scroll of poison.
   626 | D:2      | Noticed Sigmund
   628 | D:2      | Killed Sigmund
   629 | D:2      | Reached skill level 6 in Ranged Weapons
   629 | D:2      | Reached XP level 4. HP: 36/36 MP: 4/4
   629 | D:2      | Reached XP level 5. HP: 41/41 MP: 5/5
   631 | D:2      | 631 ||| STAIRDANCE
   631 | D:2      | HP: 7/41 [gnoll/+0 flail (8)]
   634 | D:1      | Slain by a gnoll

Levels and vault maps discovered:
D:1:      dpeg_arrival_lava_altar, layout_rooms, serial_shops, shop
D:2:      layout_rooms, serial_shops, shop, roderic_roman_lattice,
          minmay_misc_feat_rugged, corexii_leaking_fountain,
          uniq_crazy_yiuf_cottage, uniq_sigmund

Skill      XL: |  1  2  3 |
---------------+----------+-----
Ranged Weapons | 3 6 |  6.0
Fighting       | 2 |  2.0
Dodging        | |  2.1
Spellcasting   | |  1.0
Hexes          | |  2.0

Action                     |  1- 3 |  4- 6 || total
---------------------------+-------+-------++-------
   Fire: Sling             |    70 |       ||    70
         Hand crossbow     |     2 |     4 ||     6
    Use: Scroll            |     3 |       ||     3
 Armour: Robe              |     1 |       ||     1
         Ring mail         |       |     4 ||     4
  Dodge: Dodged            |    27 |    12 ||    39

Table legend:
 A = Non-vault XP
 B = Vault XP
 C = Vault XP percentage of total XP
 D = Non-vault monster count
 E = Vault monster count
 F = Vault count percentage of total count
                 A         B        C        D         E       F
            +---------+---------+-------+---------+---------+-------
      Total |      60 |     210 |  77.8 |      28 |       1 |   3.4
            +---------+---------+-------+---------+---------+-------
        D:1 |      59 |       0 |   0.0 |      27 |       0 |   0.0
        D:2 |       1 |     210 |  99.5 |       1 |       1 |  50.0
            +---------+---------+-------+---------+---------+-------
